Map: Apotheosis LE

Players

MTown

  • Race: Terran Terran
  • League: Gold
  • Spawn Location: 11:00

Fropez - Winner!

  • Race: Protoss Protoss
  • League: Gold
  • Spawn Location: 5:00

VOD

Have the link to the VOD?

Description

Time

  • Played on: Sept. 12, 2016, 4:19 p.m.
  • Length: 20:45
Show
View Real Time Build Order
Export as new Build Order

MTown Terran 

Build Orders:  

Get SALT Encoding   

  12  0:01  SCV  
  13  0:13  SCV  
  14  0:18  Supply Depot  
  14  0:25  SCV  
  15  0:39  SCV  
  15  0:40  Barracks  
  16  0:48  Refinery  
  16  0:52  SCV  
  17  1:04  SCV  
  18  1:16  SCV  
  19  1:28  Marine, SCV  
  21  1:37  Command Center  
  21  1:45  Supply Depot  
  21  1:46  Marine  
  22  1:55  Orbital Command  
  22  2:03  Marine  
  23  2:11  Factory  
  23  2:21  Marine, SCV  
  25  2:30  Refinery  
  25  2:33  SCV  
  26  2:39  Marine  
  27  2:45  SCV  
  28  2:55  Refinery  
  28  2:56  Orbital Command  
  28  2:59  Factory Tech Lab  
  28  3:05  Starport  
  28  3:08  SCV  
  29  3:12  Marine  
  30  3:21  Siege Tank  
  30  3:23  SCV x2  
  35  3:30  Marine  
  36  3:35  SCV x2  
  38  3:41  Supply Depot  
  38  3:44  Starport Reactor  
  38  3:50  SCV x2  
  38  3:51  Marine, Engineering Bay  
  38  3:54  Siege Tank  
  44  4:05  SCV x2  
  44  4:08  Marine  
  44  4:09  Refinery  
  47  4:17  SCV  
  48  4:21  Supply Depot, Viking x2  
  52  4:33  Missile Turret  
  52  4:39  Missile Turret  
  52  4:50  Missile Turret  
  52  4:54  Marine, SCV x2, Supply Depot, Missile Turret  
  52  4:58  Siege Tank  
  58  5:06  Missile Turret  
  58  5:12  Marine  
  58  5:14  SCV  
  60  5:27  Sensor Tower  
  60  5:29  SCV x2  
  60  5:30  Marine, Widow Mine  
  65  5:37  Terran Infantry Weapons Level 1  
  65  5:43  Armory  
  65  5:46  Missile Turret  
  65  5:49  Supply Depot  
  65  5:53  Medivac  
  61  6:24  Marine  
  58  6:30  Widow Mine  
  57  6:41  Marine  
  58  6:47  Terran Vehicle Weapons Level 1  
  58  6:59  Marine  
  58  7:00  Siege Tank, SCV x2  
  58  7:01  Barracks  
  64  7:06  Barracks  
  61  7:17  Marine  
  61  7:19  Missile Turret  
  62  7:32  Siege Tank  
  62  7:35  Marine  
  66  7:44  Supply Depot  
  66  7:52  Viking x2  
  66  7:53  Marine, Command Center  
  66  7:55  Barracks Reactor  
  71  7:59  Barracks Reactor  
  71  8:07  Supply Depot  
  71  8:10  Marine  
  72  8:22  Viking x2  
  76  8:28  Marine  
  76  8:32  Supply Depot  
  77  8:38  Terran Infantry Armor Level 1  
  77  8:41  Terran Ship Weapons Level 1  
  77  8:44  Marine x2  
  77  8:46  Marine x2  
  77  8:47  Siege Tank  
  84  8:55  Supply Depot  
  84  9:00  Barracks Tech Lab  
  84  9:01  Armory  
  84  9:02  Marine x2  
  86  9:04  Marine x2, Engineering Bay  
  88  9:11  Viking x2  
  92  9:20  Supply Depot  
  92  9:22  Combat Shields  
  92  9:40  Siege Tank  
  92  9:42  Supply Depot  
  95  9:47  SCV x2  
  97  9:58  Viking  
  97  9:59  SCV  
  101  10:00  SCV  
  101  10:04  Planetary Fortress  
  101  10:11  SCV, Missile Turret  
  101  10:12  SCV  
  103  10:16  Refinery  
  103  10:17  Supply Depot  
  103  10:22  Terran Vehicle And Ship Armor Level 1  
  103  10:35  Refinery  
  102  10:48  Siege Tank  
  105  11:01  Terran Ship Weapons Level 2  
  105  11:09  Starport  
  105  11:12  Starport, Supply Depot  
  105  11:16  Terran Infantry Weapons Level 2  
  105  11:19  Terran Infantry Armor Level 2  
  105  11:20  Widow Mine  
  107  11:34  Supply Depot  
  107  11:45  Starport Tech Lab  
  107  11:49  Starport Tech Lab  
  101  12:16  Marine x4, Missile Turret  
  101  12:17  Marine  
  101  12:20  Siege Tank  
  109  12:30  Raven x2  
  109  12:34  Marine x4  
  109  12:35  Marine  
  118  12:37  Corvid Reactor  
  118  12:38  Explosive Shrapnel Shells  
  118  12:50  Barracks  
  118  12:52  Marine x5  
  123  13:06  Viking x2  
  127  13:13  Raven x2  
  127  13:19  Siege Tank  
  134  13:27  Terran Vehicle Weapons Level 2  
  134  13:28  Terran Vehicle And Ship Armor Level 2  
  134  13:37  Barracks  
  134  13:39  Viking  
  134  13:40  Viking  
  138  13:51  Supply Depot  
  138  13:54  Barracks Tech Lab  
  138  13:55  Raven  
  138  13:56  Raven  
  142  14:21  Command Center  
  142  14:32  Supply Depot  
  142  14:36  Stimpack  
  142  14:38  Raven, Barracks Tech Lab  
  142  14:42  Raven  
  142  14:43  Viking x2  
  150  14:55  Supply Depot  
  150  15:21  Raven  
  150  15:24  Sensor Tower  
  150  15:27  Raven  
  150  15:28  Viking x2  
  158  15:33  Sensor Tower  
  158  15:54  Marauder x3  
  164  16:04  Raven  
  166  16:15  Marauder  
  166  16:16  Marauder x2  
  170  16:37  Marauder x3  
  172  16:58  Marauder x3  
  112  17:20  Marauder x3  
  60  17:41  Marauder  
  41  18:24  Starport Tech Lab  
  41  18:30  Starport Tech Lab  
  41  18:43  Starport Tech Lab  
  41  19:08  Supply Depot  
  41  19:10  Supply Depot  
  41  19:15  Liberator  
  41  19:17  Supply Depot  
  41  19:19  Supply Depot  
  41  19:21  Liberator  
  41  19:35  Supply Depot  
  41  19:37  Supply Depot  
  47  19:47  Supply Depot  
  46  19:59  Supply Depot  
Show
View Real Time Build Order
Export as new Build Order

Fropez Protoss - Winner!

Build Orders: Nexus First 

Get SALT Encoding   

  12  0:01  Probe (Chrono Boost)  
  13  0:15  Pylon  
  13  0:17  Probe (Chrono Boost)  
  14  0:33  Probe (Chrono Boost)  
  15  0:45  Probe (Chrono Boost)  
  16  0:58  Nexus  
  16  1:08  Pylon  
  16  1:19  Probe (Chrono Boost)  
  16  1:20  Gateway  
  17  1:29  Assimilator  
  17  1:30  Probe (Chrono Boost)  
  18  1:40  Probe (Chrono Boost)  
  19  1:51  Probe (Chrono Boost)  
  20  2:02  Probe (Chrono Boost)  
  20  2:08  Zealot  
  23  2:11  Probe (Chrono Boost)  
  23  2:12  Probe (Chrono Boost)  
  25  2:21  Pylon, Probe (Chrono Boost)  
  27  2:23  Probe (Chrono Boost)  
  27  2:29  Cybernetics Core  
  27  2:34  Assimilator  
  27  2:35  Probe (Chrono Boost)  
  28  2:46  Probe (Chrono Boost)  
  29  2:56  Gateway  
  29  3:04  Gateway  
  29  3:07  Pylon, Probe (Chrono Boost)  
  29  3:09  Warp Gate (Chrono Boost)  
  30  3:16  Probe  
  30  3:18  Mothership Core  
  32  3:24  Gateway  
  32  3:32  Robotics Facility  
  32  3:33  Probe  
  32  3:37  Pylon  
  32  3:39  Assimilator  
  33  3:41  Assimilator  
  33  3:49  Probe  
  33  3:50  Probe  
  33  3:53  Pylon  
  35  4:01  Probe  
  36  4:07  Pylon  
  36  4:15  Probe  
  37  4:22  Warp Prism (Chrono Boost)  
  39  4:31  Twilight Council  
  39  4:34  Probe  
  39  4:36  Pylon  
  40  4:40  Pylon  
  40  4:43  Probe  
  41  4:46  Probe  
  43  5:00  Probe  
  43  5:10  Warp Prism (Chrono Boost)  
  43  5:12  Dark Shrine  
  45  5:19  Gateway  
  45  5:26  Gateway  
  45  5:27  Gateway  
  45  5:29  Gateway  
  45  5:33  Probe  
  45  5:35  Charge (Chrono Boost)  
  46  5:49  Pylon  
  46  6:05  Zealot x4  
  48  6:29  Nexus  
  48  6:31  Pylon  
  48  6:34  Pylon  
  44  6:40  Dark Templar x2  
  44  6:41  Dark Templar x2  
  44  6:44  Pylon, Forge  
  48  7:14  Probe x2  
  44  7:21  Gateway  
  44  7:26  Protoss Ground Weapons Level 1 (Chrono Boost)  
  44  7:30  Forge, Robotics Facility  
  44  7:31  Zealot x5  
  44  7:32  Zealot x2  
  44  7:34  Probe x2  
  60  7:42  Photon Cannon  
  60  7:50  Photon Cannon  
  60  7:51  Probe x2  
  60  7:52  Pylon  
  62  7:58  Protoss Ground Armor Level 1 (Chrono Boost)  
  62  8:07  Immortal  
  62  8:11  Dark Templar  
  62  8:12  Dark Templar  
  70  8:21  Templar Archives  
  70  8:22  Probe  
  70  8:24  Immortal  
  75  8:30  Assimilator  
  75  8:32  Assimilator  
  75  8:36  Gateway  
  75  8:39  Gateway  
  75  8:42  Gateway  
  75  8:48  Dark Templar  
  77  8:50  Protoss Ground Weapons Level 2 (Chrono Boost), Dark Templar  
  77  8:51  Psionic Storm  
  79  8:57  Probe x2  
  81  9:16  Immortal  
  85  9:20  Immortal  
  89  9:24  Probe  
  89  9:29  Protoss Ground Armor Level 2  
  90  9:52  High Templar  
  90  9:53  High Templar x2  
  90  9:55  Nexus  
  90  9:58  Pylon  
  96  10:00  Pylon  
  96  10:02  Pylon  
  96  10:09  High Templar  
  96  10:10  High Templar x5  
  108  10:24  Zealot x2  
  108  10:25  Zealot x3  
  116  10:48  Dark Templar x5  
  126  10:50  Protoss Ground Weapons Level 3  
  126  11:03  Assimilator  
  126  11:08  Assimilator  
  126  11:13  Gateway, Immortal  
  130  11:20  Immortal  
  130  11:22  Probe  
  130  11:24  Probe x2  
  135  12:15  High Templar x3  
  137  12:16  High Templar x3  
  137  12:19  Probe x2  
  153  12:30  Immortal x2  
  157  12:39  Zealot x4  
  157  12:40  Zealot x3  
  171  12:50  Protoss Ground Armor Level 3  
  171  13:03  Probe x4  
  175  13:12  Protoss Shields Level 1  
  175  13:15  Immortal  
  179  13:26  Observer  
  180  13:28  Robotics Bay  
  180  13:33  Stargate  
  180  13:47  Observer  
  181  13:54  Observer  
  180  14:09  Observer  
  181  14:15  Stalker x5  
  181  14:16  Observer, Stalker x2  
  196  14:23  Pylon  
  196  14:24  Pylon  
  196  14:26  Pylon  
  196  14:31  Pylon  
  196  14:34  Nexus  
  196  14:36  Pylon  
  196  14:37  Pylon  
  196  14:41  Assimilator  
  196  14:45  Assimilator  
  196  14:47  Observer Gravitic Boosters (Chrono Boost)  
  196  14:50  Warp Prism  
  196  14:51  Warp Prism  
  200  15:38  Gravitic Drive (Chrono Boost)  
  194  16:46  Archon  
  194  16:47  Archon x2  
  192  16:48  Archon  
  192  16:49  Archon x3  
  192  16:50  Archon  
  192  16:51  Archon  
  192  16:52  High Templar x4  
  194  17:14  Stalker  
  194  17:15  Stalker x2  
  199  17:16  Stalker  
  179  17:25  Stalker x6  
  179  17:26  Stalker x3  
  189  17:48  Zealot x3  
  189  17:49  Zealot x2  
  187  18:07  Nexus  
  187  18:09  Assimilator  
  187  18:13  Assimilator  
  187  18:17  Pylon  
  187  18:18  Pylon  
  185  18:42  High Templar x2  
  185  18:43  High Templar x4  
  185  18:44  High Templar  
  185  18:47  Archon x3  
  195  19:11  Gateway  
  195  19:13  Gateway  
  195  19:15  Gateway  
  195  19:16  Gateway x2  
  195  19:22  Gateway  
  195  19:23  Gateway  
  195  19:25  Gateway x2  
  195  19:26  Gateway  
  195  19:27  Gateway  
  195  19:28  Warp Prism x2, Gateway x2  
  195  19:29  Gateway x2  
  195  19:31  Pylon, Gateway  
  199  19:32  Gateway  
  199  19:33  Pylon, Gateway x2  
  199  19:36  Pylon  
  199  19:39  Pylon  
  199  19:49  Pylon  
  199  19:53  Pylon  
  199  19:55  Pylon  
  167  20:39  Zealot x3  
  167  20:40  Zealot x4  
  167  20:41  Zealot x5  
  167  20:42  Zealot  
Tags
 
League
GoldGold
Matchup
PvT
Replay Pack
All Mines
Spawn Locations
Cross Positions
Add a new tag
Caveats
  • Supply blocks, unpowered buildings, or Contaminate may cause inaccurate times.
  • Supply counts are checked every 10 seconds.